 Dungeon Crawl Stone Soup version 0.29.1-13-g9f3cf754e1 (webtiles) character file.

Game seed: 12774204978679123074

8477 Mavryl the Covert (level 11, -14/78 HPs)
             Began as a Spriggan Brigand on Feb 1, 2023.
             Was an Elder of Ru.
             Demolished by a large abomination (18 damage)
             ... on level 11 of the Dungeon.
             The game lasted 00:48:28 (8136 turns).

Mavryl the Covert (Spriggan Brigand)                Turns: 8136, Time: 00:48:29

Health: -14/78     AC: 25    Str:  9    XL:     11   Next: 10%
Magic:  0/20       EV:  4    Int: 15    God:    Ru [****..]
Gold:   281        SH:  0    Dex: 17    Spells: 3/21 levels left

rFire   . . .      SeeInvis +   t - +3 rapier (elec)
rCold   . . .      Faith    .   (shield unavailable)
rNeg    . . .      Spirit   +   (body armour currently unavailable)
rPois   +          Reflect  .   (helmet currently unavailable)
rElec   .          Harm     .   (cloak currently unavailable)
rCorr   .          Rampage  .   (gloves unavailable)
Will    +....      NoTele   +   (boots unavailable)
Stlth   +++++.....              w - amulet of guardian spirit
HPRegen 0.23/turn               (ring unavailable)
MPRegen 0.17/turn               m - +4 ring of slaying

@: tree-form
A: stationary, stasis, torment immunity, boosted hp, very small, no large
weapons, unfitting armour, see invisible, (speed 3), missing a hand, unskilled
1, (iridescent scales 1)
a: Renounce Religion, Draw Out Power, Power Leap


You were on level 11 of the Dungeon.
You worshipped Ru.
Ru was greatly pleased with you.
You were a tree.
You visited 2 branches of the dungeon, and saw 12 of its levels.

You collected 567 gold pieces.
You spent 286 gold pieces at shops.

Inventory:

Hand Weapons
 a - a +4 vorpal dagger
 t - a +3 rapier of electrocution (weapon)
Missiles
 e - a curare-tipped dart (quivered)
Armour
 b - a +1 robe
 c - a +0 cloak (melded)
 i - a +2 robe of positive energy
 n - a +0 troll leather armour (melded)
 q - a +2 hat (melded)
Jewellery
 m - a +4 ring of slaying (right branch)
 v - a ring of protection from fire
 w - an amulet of guardian spirit (around neck)
 y - a ring of fire
Wands
 l - a wand of flame (15)
 s - a wand of polymorph (3)
Scrolls
 f - a scroll of vulnerability
 p - a scroll of poison
 x - a scroll of magic mapping
Potions
 g - a potion of might {unknown}
 h - a potion of flight
 k - a potion of ambrosia {unknown}
 r - a potion of brilliance {unknown}
 A - a potion of degeneration {unknown}
Miscellaneous
 j - a piece from Xom's chessboard (14/15)


   Skills:
 * Level 3.6 Fighting
 * Level 5.4 Short Blades
 * Level 4.4 Throwing
 * Level 3.0 Armour
 * Level 5.8 Dodging
 * Level 10.0 Stealth
 * Level 5.9 Spellcasting
 * Level 2.9 Conjurations
 * Level 0.9 Hexes
 * Level 3.2 Summonings
 * Level 2.9 Fire Magic
 * Level 3.5 Air Magic
 * Level 3.6 Poison Magic
 * Level 5.3 Evocations


You had 3 spell levels left.
You knew the following spells:

 Your Spells              Type           Power      Damage    Failure   Level
a - Static Discharge      Conj/Air       14%        3-5/arc   6%          2
b - Call Imp              Summ           14%        N/A       6%          2
c - Mephitic Cloud        Conj/Pois/Air  14%        N/A       11%         3
d - Foxfire               Conj/Fire      52%        2x1d6     4%          1
e - Conjure Flame         Conj/Fire      13%        6-21      13%         3
f - Inner Flame           Hex/Fire       10%        N/A       21%         3
g - Summon Lightning Spi  Summ/Air       14%        N/A       36%         4

Your spell library contained the following spells:

 Spells                   Type           Power      Damage    Failure   Level
 Magic Dart               Conj           52%        1d5       4%          1
 Poisonous Vapours        Pois/Air       30%        N/A       5%          2
 Sting                    Tmut/Pois      36%        1d4       7%          1
 Blink                    Tloc           8%         N/A       22%         2
 Olgreb's Toxic Radiance  Pois           15%        N/A       32%         4
 Airstrike                Air            7%         2d(2-18)  34%         4
 Flame Wave               Conj/Fire      13%        2d6       41%         4
 Fulminant Prism          Conj/Hex       5%         3d7       54%         4
 Iskenderun's Mystic Bla  Conj/Tloc      8%         2d4       63%         4
 Lightning Bolt           Conj/Air       7%         1d19      71%         5
 Lee's Rapid Deconstruct  Erth           2%         3d5*      99%         5
 Manifold Assault         Tloc           4%         N/A       99%         5
 Storm Form               Tmut/Air       4%         N/A       100%        7
 Maxwell's Capacitive Co  Air            7%         ∞         100%        8


Dungeon Overview and Level Annotations

Branches:
Dungeon (11/15)            Temple (1/1) D:4
   Lair: D:8-11         Orc: D:9-12

Altars:
Cheibriados
Dithmenos
Elyvilon
Fedhas
Gozag
Hepliaklqana
Kikubaaqudgha
Makhleb
Nemelex Xobeh
Okawaru
Qazlal
Ru
Sif Muna
Trog
Uskayaw
Vehumet
Wu Jian
Xom
Zin
The Shining One

Shops:
D:3 :   D:6 *   D:7 [

Annotations:
Temple 2 transporters


Innate Abilities, Weirdness & Mutations

You are a tree.
Your roots penetrate the ground, keeping you stationary.
You cannot be teleported.
You are immune to unholy pain and torment.
Your maximum health is greatly increased.
Your equipment is partially melded.
You are very small and have problems with some larger weapons.
You are too small for most types of armour.
You have supernaturally acute eyesight. (SInv)
((You cover ground extremely quickly. (Speed+++)))
You are missing a hand.
You are somewhat unskilled. (-1 Apt)
((You are partially covered in iridescent scales. (AC +2)))


Message History

Your crimson imp barely misses the large abomination.
The small abomination hits your crimson imp!!
Your crimson imp dies!
Your crimson imp disappears in a puff of smoke!
You hit the large abomination.
The large abomination is lightly damaged.
The large abomination hits you.
You hit the large abomination but do no damage.
The large abomination is lightly damaged.
You hit the large abomination but do no damage.
The large abomination is lightly damaged.
The large abomination hits you but does no damage.
You barely miss the large abomination.
The large abomination is lightly damaged.
The large abomination hits you but does no damage.
You hit the large abomination but do no damage.
The large abomination is lightly damaged.
The large abomination hits you!
You focus your inner power and blind the large abomination in retribution!
You catch the helpless large abomination completely off-guard!
You impale the large abomination!!
Lightning courses through the large abomination!
The large abomination is almost destroyed.
You catch the helpless large abomination completely off-guard!
You impale the large abomination!!
Lightning courses through the large abomination!
You destroy the large abomination!
You hit the large abomination but do no damage.
The large abomination is lightly damaged.
The large abomination hits you.
You hit the large abomination but do no damage.
The large abomination is lightly damaged.
You barely miss the large abomination.
The large abomination is lightly damaged.
The large abomination hits you!!
* * * LOW HITPOINT WARNING * * *
You completely miss the large abomination.
The large abomination is lightly damaged.
The large abomination hits you!!
You die...

#....#
###....#
#.'....#
#.#...)##+##
#.#....#...#
#x#..X.#X..#
#X#...X'X..#
#X#....#...#
#♣###########
#.#<........#
#...........#
#######..####
#....########
#..##.........
#.# #>.#######
#. ##.### #.
#...####


You could see 2 large abominations and a small abomination.

Vanquished Creatures
  A hydra (D:10)
  A two-headed ogre (D:10)
  2 large abominations (D:11)
  A wizard (D:11)
  A gargoyle (D:10)
  An unseen horror (D:11)
  3 trolls (D:11)
  A vampire (D:9)
  A yak (D:9)
  A wyvern (D:9)
  4 small abominations (D:11)
  3 orc warriors
  A black bear (D:9)
  2 ice beasts
  An ogre (D:7)
  3 centaurs
  2 phantoms
  A necrophage (D:7)
  3 bullfrogs
  3 scorpions
  5 wights (D:7)
  9 killer bees
  3 howler monkeys (D:7)
  3 orc priests
  2 hounds
  An iguana (D:5)
  6 orc wizards
  6 gnolls
  4 adders
  2 ufetubi
  2 worms (D:3)
  A dart slug (D:3)
  17 orcs
  6 ball pythons
  6 endoplasms
  2 giant cockroaches
  8 goblins
  5 hobgoblins
  5 jackals (D:2)
  4 quokkas
  9 bats
  A frilled lizard (D:1)
  5 kobolds
  7 rats
155 creatures vanquished.

Vanquished Creatures (collateral kills)
  Urug (D:11)
  6 yaks (D:11)
  A human (shapeshifter) (D:9)
  A killer bee (D:10)
  An orc priest (D:9)
10 creatures vanquished.

Vanquished Creatures (others)
  22 fungi (D:9)
  17 plants (D:9)
39 creatures vanquished.

Grand Total: 204 creatures vanquished

Notes
Turn   | Place    | Note
-------+----------+-------------------------------------------
     0 | D:1      | Mavryl the Spriggan Brigand began the quest for the Orb.
     0 | D:1      | Reached XP level 1. HP: 10/10 MP: 2/2
   100 | D:1      | Reached skill level 6 in Stealth
   544 | D:1      | Reached XP level 2. HP: 13/14 MP: 3/3
  1027 | D:2      | Reached XP level 3. HP: 15/18 MP: 5/5
  1069 | D:3      | Learned a level 2 spell: Static Discharge
  1092 | D:3      | Found Asiaguf's Book Shop.
  1419 | D:3      | Found a shadowy altar of Dithmenos.
  1621 | D:3      | Reached skill level 1 in Spellcasting
  1940 | D:4      | Reached skill level 7 in Stealth
  1940 | D:4      | Reached XP level 4. HP: 21/23 MP: 3/6
  1957 | D:4      | Found a glowing golden altar of the Shining One.
  1959 | D:4      | Found a glowing silver altar of Zin.
  1960 | D:4      | Found a white marble altar of Elyvilon.
  2049 | D:4      | Learned a level 2 spell: Call Imp
  2207 | D:4      | Found a shimmering altar of Xom.
  2207 | D:4      | Found a blossoming altar of Fedhas.
  2263 | D:5      | Entered Level 5 of the Dungeon
  2475 | D:5      | Found a radiant altar of Vehumet.
  2541 | D:5      | Found an iron altar of Okawaru.
  2740 | D:4      | Reached XP level 5. HP: 26/26 MP: 8/8
  3048 | D:4      | Noticed a phantom
  3061 | D:4      | Killed a phantom
  3062 | D:4      | Reached skill level 1 in Armour
  3062 | D:4      | Reached skill level 1 in Air Magic
  3062 | D:4      | Reached skill level 1 in Evocations
  3195 | D:4      | Learned a level 3 spell: Mephitic Cloud
  3201 | D:4      | Found a staircase to the Ecumenical Temple.
  3212 | Temple   | Entered the Ecumenical Temple
  3212 | Temple   | Found a transporter.
  3212 | Temple   | Found a transporter.
  3214 | Temple   | Found a transporter.
  3214 | Temple   | Found a transporter.
  3239 | Temple   | Became a worshipper of Ru the Awakened
  3575 | D:5      | Reached skill level 8 in Stealth
  3575 | D:5      | Reached XP level 6. HP: 28/30 MP: 8/10
  4311 | D:1      | Found a faded altar of an unknown god.
  4357 | D:1      | Learned a level 1 spell: Foxfire
  4764 | D:6      | Found Urharphutakk's General Store.
  4792 | D:6      | Bought a +2 rapier of electrocution for 286 gold pieces
  4835 | D:6      | Noticed an ice beast
  4843 | D:6      | Killed an ice beast
  4844 | D:6      | Reached skill level 1 in Summonings
  4861 | D:6      | Reached XP level 7. HP: 33/35 MP: 7/11
  4907 | D:7      | Learned a level 3 spell: Conjure Flame
  4907 | D:7      | Gained mutation: You are missing a hand. [Ru sacrifice]
  4907 | D:7      | Reached * piety under Ru
  4907 | D:7      | Reached ** piety under Ru
  5024 | D:7      | Reached skill level 1 in Conjurations
  5043 | D:7      | Reached skill level 1 in Poison Magic
  5099 | D:7      | Reached skill level 9 in Stealth
  5105 | D:7      | Identified the +4 quarterstaff of Righteous Fury {vamp,
                  | rElec Str+3}
  5111 | D:7      | Found Cheibriados's Comfort Zone.
  5111 | D:7      | Found a snail-covered altar of Cheibriados.
  5259 | D:7      | Reached skill level 1 in Fire Magic
  5259 | D:7      | Reached XP level 8. HP: 35/39 MP: 9/13
  5647 | D:8      | Found a stormy altar of Qazlal.
  6270 | D:8      | Learned a level 3 spell: Inner Flame
  6467 | D:9      | Reached XP level 9. HP: 17/43 MP: 6/16
  6809 | D:9      | HP: 1/44 [orc warrior/+0 dire flail (5)]
  7090 | D:10     | Entered Level 10 of the Dungeon
  7130 | D:10     | Noticed a gargoyle
  7136 | D:10     | Noticed a seven-headed hydra
  7137 | D:10     | Killed a gargoyle
  7138 | D:10     | Reached skill level 5 in Dodging
  7138 | D:10     | Reached skill level 10 in Stealth
  7146 | D:10     | Killed a seven-headed hydra
  7147 | D:10     | Reached skill level 5 in Short Blades
  7147 | D:10     | Reached skill level 5 in Spellcasting
  7249 | D:10     | Noticed a two-headed ogre
  7270 | D:10     | Killed a two-headed ogre
  7271 | D:10     | Reached XP level 10. HP: 43/49 MP: 15/19
  7524 | D:10     | Gained mutation: You are somewhat unskilled. (-1 Apt) [Ru
                  | sacrifice]
  7524 | D:10     | Reduced skill Stealth to level 9
  7524 | D:10     | Reached *** piety under Ru
  7524 | D:10     | Reached **** piety under Ru
  7579 | D:11     | Reached skill level 5 in Spellcasting
  7723 | D:11     | Noticed Urug
  7736 | D:11     | Reached skill level 5 in Short Blades
  7737 | D:11     | Killed Urug
  7748 | D:11     | Gained mutation: You are partially covered in iridescent
                  | scales. (AC +2) [potion of mutation]
  7871 | D:11     | Reached skill level 5 in Evocations
  7962 | D:11     | Learned a level 4 spell: Summon Lightning Spire
  8055 | D:11     | Noticed a wizard
  8062 | D:11     | Killed a wizard
  8073 | D:11     | Noticed a large abomination
  8074 | D:11     | Noticed a large abomination
  8082 | D:11     | Killed a large abomination
  8083 | D:11     | Reached XP level 11. HP: 50/52 MP: 11/20
  8086 | D:11     | Reached skill level 10 in Stealth
  8136 | D:11     | Demolished by a large abomination

Illustrated notes

Levels and vault maps discovered:
D:1:      scummos_arrival_star, layout_loops_ring,
          ebering_ecumenical_altar_mist, chequers_serial_rivers_micro_a
D:2:      layout_loops_cross
D:3:      layout_basic, mainiacjoe_overflow_chevrons, serial_shops, shop
D:4:      layout_cave_pools, good_gods_temple_1,
          gammafunk_temple_overflow_pools, temple_statues
D:5:      layout_loops_ring, okawaru_gym_becter, overflow_temple_1_default
D:6:      minmay_chambers_of_sixes, layout_basic, serial_shops, shop_statue
D:7:      layout_gridville, chequers_jeans, minmay_shop_chei
D:8:      layout_basic, nicolae_qazlal_eye_of_the_storm
D:9:      layout_cave_pools, grunt_lair_entry_orc_guard_hut, uniq_grum
D:10:     layout_cave_pools, mainiacjoe_overflow_catch_the_wave, orc_0_dummy,
          billiards_dpeg
D:11:     layout_rooms, laboratory, uniq_urug
Temple:   hellmonk_temple_divided_pantheon

Skill      XL: |  1  2  3  4  5  6  7  8  9 10 11 |
---------------+----------------------------------+-----
Stealth        | 6 7 8 9 10 9 10 | 10.0
Dodging        | 2 3 4 5 |  5.8
Spellcasting   | 1 2 3 4 5 5 |  5.9
Armour         | 1 2 3 |  3.0
Air Magic      | 1 2 3 |  3.5
Evocations     | 1 2 3 4 5 |  5.3
Fighting       | 2 3 |  3.6
Short Blades   | 3 4 5 5 |  5.4
Summonings     | 1 2 3 |  3.2
Conjurations   | 1 2 |  2.9
Poison Magic   | 1 2 3 |  3.6
Throwing       | 3 4 4 |  4.4
Fire Magic     | 1 2 |  2.9
Hexes          | |  0.9

Action                   |  1- 3 |  4- 6 |  7- 9 | 10-12 || total
-------------------------+-------+-------+-------+-------++-------
Melee: Dagger            |    60 |    31 |       |       ||    91
       Punch             |     1 |       |       |       ||     1
       Rapier            |       |     3 |    42 |    64 ||   109
Throw: Dart              |    16 |       |    11 |     6 ||    33
 Cast: Static Discharge  |     7 |    28 |    33 |    22 ||    90
       Mephitic Cloud    |       |     1 |     4 |     6 ||    11
       Call Imp          |       |       |     4 |     1 ||     5
       Inner Flame       |       |       |       |     1 ||     1
Invok: Sacrifice a Hand  |       |       |     1 |       ||     1
       Power Leap        |       |       |       |     1 ||     1
       Sacrifice Skill   |       |       |       |     1 ||     1
Evoke: Wand              |       |     2 |    30 |     7 ||    39
       Piece from Xom's  |       |       |       |     3 ||     3
  Use: Scroll            |     6 |     8 |     4 |     7 ||    25
       Potion            |     1 |       |     2 |     4 ||     7
 Stab: Sleeping          |    18 |     7 |     2 |     2 ||    29
       Confused          |       |       |     1 |     2 ||     3
       Invisible         |       |       |     1 |     3 ||     4
       Paralysed         |       |       |       |     1 ||     1
Armor: Robe              |     8 |     8 |    20 |     3 ||    39
       Troll leather arm |       |       |       |    11 ||    11
       Skin              |       |       |       |     2 ||     2
Dodge: Dodged            |    40 |    29 |    84 |    62 ||   215
